 Dungeon Crawl Stone Soup version 0.19.5 (webtiles) character file.

9466 juanjsm the Covert (level 11, 0/56 HPs)
             Began as a Spriggan Enchanter on May 16, 2017.
             Was a High Priest of Okawaru.
             Slain by a hill giant
             ... wielding a +0 giant club
              (41 damage)
             ... on level 11 of the Dungeon on May 17, 2017.
             The game lasted 00:55:30 (8960 turns).

juanjsm the Covert (Spriggan Enchanter)             Turns: 8960, Time: 00:55:31

Health: 0/56       AC:  4    Str:  6    XL:     11   Next: 23%
Magic:  11/25      EV: 27    Int: 19    God:    Okawaru [*****.]
Gold:   247        SH:  0    Dex: 20    Spells: 5 memorised, 18 levels left

rFire  . . .     SeeInvis +     a - +1 dagger
rCold  . . .     Gourm    .     b - +1 robe
rNeg   . . .     Faith    .     (shield restricted)
rPois  .         Spirit   .     (helmet restricted)
rElec  .         Reflect  .     F - +0 cloak
rCorr  .         Harm     .     (gloves unavailable)
MR     +....                    (boots unavailable)
Stlth  +++++.....               f - amulet of magic regeneration
                                (no ring)
                                (no ring)

@: very quick
A: unfitting armour, talons 2, see invisible, agile 1, herbivore 3, speed 3,
slow regeneration 1, slow metabolism 2, strong 1, wild magic 1, MP-powered wands
a: Heroism, Finesse, Renounce Religion


You were on level 11 of the Dungeon.
You worshipped Okawaru.
Okawaru was extremely pleased with you.
You were not hungry.

You visited 2 branches of the dungeon, and saw 12 of its levels.

You collected 604 gold pieces.
You spent 357 gold pieces at shops.

Inventory:

Hand Weapons
 a - a +1 dagger (weapon)
 k - the +8 rapier of the Equator {vamp, rPois Str-3 Int+6, unknown}
   (Okawaru gifted it to you on level 10 of the Dungeon)

   It inflicts no extra harm, but heals its wielder when it wounds a living foe.
   It affects your strength (-3).
   It affects your intelligence (+6).
   It protects you from poison.
 L - a +2 dagger of distortion
Missiles
 u - 20 poisoned needles
 M - 2 throwing nets (quivered)
Armour
 b - a +1 robe (worn)
 e - quicksilver dragon scales
 F - a +0 cloak (worn)
 I - a +0 buckler
 O - +0 steam dragon scales
Jewellery
 f - an amulet of magic regeneration (around neck)
Wands
 H - a wand of polymorph (10/24)
 K - a wand of lightning (2/15)
 N - a wand of flame (22/48)
Scrolls
 g - 9 scrolls of teleportation
 h - 8 scrolls of identify
 j - 3 scrolls of enchant armour
 l - a scroll of fog {unknown}
 o - 2 scrolls of magic mapping
 v - 4 scrolls of remove curse
 w - a scroll of fear {unknown}
 y - 3 scrolls of amnesia {unknown}
 B - a scroll of blinking {unknown}
 C - 2 scrolls of random uselessness {unknown}
 D - 5 scrolls of enchant weapon
 P - a scroll of recharging {unknown}
Potions
 i - 5 potions of curing
 n - a potion of might {unknown}
 p - 3 potions of agility
 q - 3 potions of invisibility
 r - a potion of resistance {unknown}
 s - a potion of lignification {unknown}
 t - 2 potions of heal wounds
 x - a potion of berserk rage {unknown}
 z - a potion of brilliance {unknown}
 G - a potion of degeneration {unknown}
 Q - a potion of flight {unknown}
Books
 c - a book of Maledictions

   Spells                             Type                      Level
   a - Corona                         Hexes                        1
   b - Ensorcelled Hibernation        Hexes/Ice                    2
   c - Confuse                        Hexes                        3
   d - Tukima's Dance                 Hexes                        3
   e - Dazzling Spray                 Conjuration/Hexes            3
 m - a book of Cantrips

   Spells                             Type                      Level
   a - Confusing Touch                Hexes                        1
   b - Animate Skeleton               Necromancy                   1
   c - Summon Small Mammal            Summoning                    1
   d - Apportation                    Translocation                1
 J - a book of Flames

   Spells                             Type                      Level
   a - Flame Tongue                   Conjuration/Fire             1
   b - Throw Flame                    Conjuration/Fire             2
   c - Conjure Flame                  Conjuration/Fire             3
   d - Inner Flame                    Hexes/Fire                   3
   e - Sticky Flame                   Conjuration/Fire             4
   f - Fireball                       Conjuration/Fire             5
Comestibles
 d - 11 bread rations
 A - 4 fruits
 E - 3 slices of pizza


   Skills:
 + Level 5.8 Fighting
 + Level 7.4 Short Blades
 + Level 10.5 Dodging
 + Level 11.7 Stealth
 + Level 2.4 Shields
 + Level 9.0 Spellcasting
 + Level 9.3 Hexes


You had 18 spell levels left.
You knew the following spells:

 Your Spells              Type           Power        Failure   Level  Hunger
a - Corona                Hex            ######.      1%          1    None
b - Ensorcelled Hibernat  Hex/Ice        ####..       3%          2    None
c - Confuse               Hex            ######..     1%          3    None
d - Dazzling Spray        Conj/Hex       ####..       8%          3    None
e - Apportation           Tloc           ##........   14%         1    None


Dungeon Overview and Level Annotations

Branches:
Dungeon (11/15)            Temple (1/1) D:5            Lair (0/6) D:11
    Orc (0/2) D:9

Altars:
Ashenzari
Cheibriados
Dithmenos
Elyvilon
Fedhas
Gozag
Hepliaklqana
Kikubaaqudgha
Makhleb
Nemelex Xobeh
Okawaru
Qazlal
Ru
Sif Muna
Trog
Uskayaw
Vehumet
Xom
Yredelemnul
Zin
The Shining One

Shops:
D:4 }   D:7 }   D:11 ?[

Annotations:
D:7 Dowan
D:10 exclusion: oklob plant


Innate Abilities, Weirdness & Mutations

You are very small and have problems with some larger weapons.
You are too small for most types of armour.
You have supernaturally acute eyesight. (SInv)
You are a herbivore.
You cover ground extremely quickly.
You need consume almost no food.
You have razor-sharp toenails.
You are agile. (Dex +2)
You regenerate slowly when monsters are visible.
Your muscles are strong. (Str +2)
Your spells are a little harder to cast, but a little more powerful.
You expend magic power (3 MP) to strengthen your wands.


Message History

Confirm with . or Enter, or press ? or * to list all spells.
Aiming: Ensorcelled Hibernation
Press: ? - help, Shift-Dir - straight line, f/p - hill giant
Aim: a hill giant, wielding a giant club (chance to defeat MR: 45%)
The worker ant looks drowsy...
Casting: Ensorcelled Hibernation
Confirm with . or Enter, or press ? or * to list all spells.
Aiming: Ensorcelled Hibernation
Press: ? - help, Shift-Dir - straight line, f/p - hill giant
Aim: a hill giant, wielding a giant club (chance to defeat MR: 45%)
The hill giant resists with some effort.
Casting: Ensorcelled Hibernation
Confirm with . or Enter, or press ? or * to list all spells.
Aiming: Ensorcelled Hibernation
Press: ? - help, Shift-Dir - straight line, f/p - hill giant
Aim: a hill giant, wielding a giant club (chance to defeat MR: 45%)
The hill giant resists with some effort.
The hill giant hits you with a giant club!!!
Ouch! That really hurt!
You die...

##..#######.....# #..
#..........# #.
#..##..##..# # #..
#..##..# #..##..##..#
#..##......# #.....8....#
#....t.....#
######+###..@Cat....#
#####.........#####∩r...#
....#.........#...#.....#
....#.######..#...'.....#
....#.# #..#...#8aC..#
....'.# #Z.#...#t....#
....#.# #..#...#..r..#
....#.######..#...#.....#
..###.........#.###.....#


You could see a hill giant, 2 crocodiles, a worker ant (sleeping) and a river
rat.

Vanquished Creatures
  A hydra (D:11)
  The ghost of Gandalfino the Spear-Bearer, a novice DgFi (D:10)
  The ghost of miragecloak the Martial Artist, a novice OpTm (D:8)
  Pikel (D:7)
  A manticore (D:11)
  A centaur zombie (D:10)
  Psyche (D:8)
  A troll (D:9)
  Prince Ribbit (D:8)
  2 wraiths
  Sigmund (D:6)
  2 steam dragons
  Edmund (D:6)
  A porcupine (D:11)
  Duvessa (D:7)
  A water moccasin (D:6)
  5 orc warriors
  2 ice beasts
  3 sky beasts
  5 ogres
  8 centaurs
  A necrophage (D:10)
  3 crocodiles (D:11)
  A big kobold (D:9)
  3 bullfrogs
  3 scorpions
  5 killer bees (D:9)
  A howler monkey (D:10)
  4 wights (D:7)
  3 crimson imps
  3 jellies
  A quasit (D:8)
  5 hounds
  9 orc wizards
  A centaur skeleton (D:11)
  5 orc priests
  A bullfrog skeleton (D:5)
  Ijyb (D:3)
  Terence (D:3)
  5 iguanas
  Natasha (thrice) (D:3)
  4 worker ants
  A hound skeleton (D:11)
  A howler monkey zombie (D:7)
  2 worker ant zombies
  Robin (D:3)
  A howler monkey skeleton (D:4)
  9 adders
  A river rat (D:11)
  4 shadow imps
  An ooze (D:4)
  An adder skeleton (D:4)
  An adder zombie (D:5)
  3 worms (D:3)
  3 dart slugs
  4 leopard geckos
  53 orcs
  11 bats
  5 giant cockroaches
  20 goblins
  8 hobgoblins
  15 jackals
  5 quokkas
  2 ball pythons
  2 frilled lizards
  A giant cockroach zombie (D:5)
  10 kobolds
  A leopard gecko skeleton (D:4)
  A quokka skeleton (D:9)
  6 rats
  A spectral orc (D:2)
278 creatures vanquished.

Vanquished Creatures (others)
  A wizard (D:9)
  A bush (D:11)
  3 plants (D:11)
5 creatures vanquished.

Grand Total: 283 creatures vanquished

Notes
Turn   | Place    | Note
-------+----------+-------------------------------------------
     0 | D:1      | juanjsm the Spriggan Enchanter began the quest for the Orb.
     0 | D:1      | Reached XP level 1. HP: 9/9 MP: 5/5
   292 | D:1      | Reached XP level 2. HP: 13/13 MP: 6/6
   296 | D:1      | Learned a level 2 spell: Ensorcelled Hibernation
   769 | D:2      | Found a sacrificial altar of Ru.
   776 | D:2      | Reached XP level 3. HP: 17/17 MP: 5/8
   781 | D:2      | Learned a level 3 spell: Confuse
  1010 | D:2      | Found a basalt altar of Yredelemnul.
  1147 | D:2      | Reached skill level 5 in Stealth
  1314 | D:3      | Noticed Natasha
  1328 | D:3      | Killed Natasha
  1328 | D:3      | Reached skill level 1 in Fighting
  1328 | D:3      | Reached XP level 4. HP: 20/22 MP: 5/10
  1333 | D:3      | Learned a level 3 spell: Dazzling Spray
  1612 | D:3      | Noticed Robin
  1614 | D:3      | Reached XP level 5. HP: 16/25 MP: 8/11
  1636 | D:3      | Killed Robin
  1683 | D:3      | Found a sparkling altar of Nemelex Xobeh.
  1684 | D:3      | Noticed Terence
  1686 | D:3      | Killed Terence
  1701 | D:3      | Noticed Natasha
  1717 | D:3      | Noticed a centaur
  1726 | D:3      | Killed a centaur
  1726 | D:3      | Reached skill level 6 in Stealth
  1726 | D:3      | Reached XP level 6. HP: 11/30 MP: 8/12
  1732 | D:3      | Noticed Ijyb
  1744 | D:3      | Reached skill level 5 in Hexes
  1798 | D:3      | Killed Ijyb
  1883 | D:3      | Killed Natasha
  1940 | D:3      | Noticed Natasha
  2156 | D:3      | Killed Natasha
  2231 | D:4      | Reached skill level 5 in Dodging
  2299 | D:4      | Found Namielud's Gadget Shoppe.
  2431 | D:4      | Found a shimmering altar of Xom.
  2432 | D:4      | Found an iron altar of Okawaru.
  2432 | D:4      | Found a glowing golden altar of the Shining One.
  2433 | D:4      | Found a bloodstained altar of Trog.
  2440 | D:4      | Became a worshipper of Warmaster Okawaru
  2659 | D:4      | Reached XP level 7. HP: 35/35 MP: 11/14
  2950 | D:5      | Entered Level 5 of the Dungeon
  3023 | D:5      | Found a staircase to the Ecumenical Temple.
  3440 | Temple   | Entered the Ecumenical Temple
  3841 | D:5      | Reached skill level 5 in Spellcasting
  3851 | D:5      | Reached skill level 7 in Stealth
  3971 | D:5      | Reached * piety under Okawaru
  4051 | D:6      | Noticed Sigmund
  4183 | D:6      | Reached XP level 8. HP: 39/39 MP: 9/17
  4244 | D:6      | Noticed Edmund
  4313 | D:6      | Killed Edmund
  4596 | D:6      | Reached skill level 8 in Stealth
  4628 | D:6      | Killed Sigmund
  4628 | D:6      | Reached ** piety under Okawaru
  5083 | D:7      | Found Fieq's Quality Used Wands.
  5095 | D:7      | Reached skill level 5 in Short Blades
  5170 | D:7      | Reached XP level 9. HP: 34/45 MP: 13/19
  5260 | D:7      | Reached *** piety under Okawaru
  5260 | D:7      | Reached skill level 9 in Stealth
  5363 | D:7      | Noticed Duvessa
  5363 | D:7      | Noticed Pikel
  5419 | D:7      | Killed Duvessa
  5422 | D:7      | Noticed Dowan
  5549 | D:7      | Found a sparkling altar of Nemelex Xobeh.
  5549 | D:7      | Found a white marble altar of Elyvilon.
  5768 | D:7      | Found an iron altar of Okawaru.
  5812 | D:7      | Killed Pikel
  5965 | D:8      | Reached **** piety under Okawaru
  6074 | D:8      | Noticed miragecloak's ghost (novice OpTm)
  6096 | D:8      | Learned a level 1 spell: Apportation
  6168 | D:8      | Killed miragecloak's ghost
  6168 | D:8      | Reached skill level 10 in Stealth
  6293 | D:8      | Noticed Psyche
  6300 | D:8      | Killed Psyche
  6300 | D:8      | Reached XP level 10. HP: 48/51 MP: 7/22
  6422 | D:8      | Noticed Prince Ribbit
  6435 | D:8      | Reached skill level 5 in Fighting
  6478 | D:8      | Killed Prince Ribbit
  6478 | D:8      | Reached ***** piety under Okawaru
  6675 | D:9      | Found a staircase to the Orcish Mines.
  7059 | D:9      | Found a bloodstained altar of Trog.
  7062 | D:9      | Noticed a wizard
  7070 | D:9      | Killed a wizard
  7454 | D:9      | Gained mutation: You are agile. (Dex +2) [potion of mutation]
  7454 | D:9      | Gained mutation: You have sharp toenails. [potion of mutation]
  7454 | D:9      | Gained mutation: You have razor-sharp toenails. [potion of mutation]
  7455 | D:9      | Gained mutation: You tend to lose your temper in combat. [potion of mutation]
  7455 | D:9      | Gained mutation: Your spells are a little harder to cast, but a little more powerful. [potion of mutation]
  7455 | D:9      | Lost mutation: You tend to lose your temper in combat. [potion of mutation]
  7456 | D:9      | Gained mutation: Your muscles are strong. (Str +2) [potion of mutation]
  7456 | D:9      | Gained mutation: You regenerate slowly when monsters are visible. [potion of mutation]
  7457 | D:9      | Gained mutation: You expend magic power (3 MP) to strengthen your wands. [potion of mutation]
  7626 | D:9      | Reached skill level 1 in Shields
  7701 | D:10     | Entered Level 10 of the Dungeon
  7726 | D:10     | Noticed Gandalfino's ghost (novice DgFi)
  7738 | D:10     | Found a shattered altar of Ashenzari.
  7753 | D:10     | Killed Gandalfino's ghost
  7753 | D:10     | Received a gift from Okawaru
  7753 | D:10     | Reached skill level 10 in Dodging
  7753 | D:10     | Reached skill level 11 in Stealth
  7771 | D:10     | Got a dazzling rapier {god gift}
  8123 | D:10     | Noticed an oklob plant
  8445 | D:11     | Noticed a four-headed hydra
  8447 | D:11     | Found an opulent altar of Gozag.
  8501 | D:11     | Killed a four-headed hydra
  8501 | D:11     | Reached XP level 11. HP: 39/56 MP: 4/24
  8654 | D:11     | Found Gilomn's Magic Scroll Shoppe.
  8665 | D:11     | Noticed a white ugly thing
  8730 | D:11     | Bought a scroll of identify for 28 gold pieces
  8730 | D:11     | Bought a scroll of magic mapping for 49 gold pieces
  8730 | D:11     | Bought a scroll of remove curse for 42 gold pieces
  8730 | D:11     | Bought a scroll of enchant armour for 105 gold pieces
  8730 | D:11     | Bought a scroll of enchant weapon for 105 gold pieces
  8730 | D:11     | Bought a scroll of identify for 28 gold pieces
  8842 | D:11     | Noticed a death knight
  8842 | D:11     | Noticed a phantasmal warrior
  8842 | D:11     | Noticed a phantasmal warrior
  8862 | D:11     | Found Deebal's Antique Armour Shoppe.
  8903 | D:11     | Noticed a hill giant
  8919 | D:11     | Found a staircase to the Lair.
  8960 | D:11     | Slain by a hill giant

Skill      XL: |  1  2  3  4  5  6  7  8  9 10 11 |
---------------+----------------------------------+-----
Spellcasting   | 3 4 5 6 7 8 9 |  9.0
Hexes          | 4 5 6 7 9 |  9.3
Stealth        | 5 6 7 8 10 11 | 11.7
Fighting       | 1 2 3 4 5 |  5.8
Short Blades   | 2 4 5 6 7 |  7.4
Dodging        | 4 5 6 7 8 10 | 10.5
Shields        | 2 |  2.4

Action                   |  1- 3 |  4- 6 |  7- 9 | 10-12 || total
-------------------------+-------+-------+-------+-------++-------
Melee: Dagger            |    78 |   112 |   220 |   232 ||   642
       Kick              |       |       |       |    43 ||    43
 Cast: Corona            |     7 |       |       |       ||     7
       Ensorcelled Hiber |    18 |    42 |    65 |   100 ||   225
       Confuse           |     1 |    10 |    48 |    52 ||   111
       Dazzling Spray    |       |     1 |     3 |    17 ||    21
       Apportation       |       |       |       |     1 ||     1
  Use: Potion            |       |       |     2 |     4 ||     6
       Scroll            |       |       |     4 |     1 ||     5
 Stab: Sleeping          |    29 |    37 |    44 |    65 ||   175
       Confused          |     1 |     8 |    27 |    31 ||    67
       Distracted        |     1 |       |     1 |       ||     2
       Invisible         |       |       |     2 |    10 ||    12
  Eat: Fruit             |       |     3 |       |     2 ||     5
       Bread ration      |       |       |     1 |       ||     1
Armor: Robe              |     6 |    14 |     5 |     8 ||    33
Dodge: Dodged            |    52 |    65 |   105 |   173 ||   395
